 Dungeon Crawl Stone Soup version 0.29-a0-330-g52719c12eb (webtiles) character file.

Game seed: 5190787557456961084

67 rabbitsville the Cudgeller (level 4, 0/46 HPs)
             Began as an Ogre Gladiator on Apr 12, 2022.
             Slain by a goblin
             ... wielding a +2 dagger of protection
             ... led by Robin
              (5 damage)
             ... on level 2 of the Dungeon.
             The game lasted 00:05:54 (2543 turns).

rabbitsville the Cudgeller (Ogre Gladiator)         Turns: 2543, Time: 00:05:55

Health: 0/46       AC:  3    Str: 20    XL:     4   Next: 16%
Magic:  4/4        EV: 10    Int:  9    God:
Gold:   71         SH:  0    Dex: 10    Spells: 3/3 levels left

rFire   . . .      SeeInvis .   a - +0 flail
rCold   . . .      Faith    .   (no shield)
rNeg    . . .      Spirit   .   b - +0 robe
rPois   .          Reflect  .   c - +0 hat
rElec   .          Harm     .   (no cloak)
rCorr   .          Rampage  .   (gloves unavailable)
Will    .....                   (boots unavailable)
Stlth   +.........              (no amulet)
HPRegen 0.15/turn               o - ring of flight
MPRegen 0.09/turn               (no ring)

@: flying
A: large, unfitting armour, tough skin 1
a: no special abilities


You were on level 2 of the Dungeon.
You visited 1 branch of the dungeon, and saw 2 of its levels.

You collected 71 gold pieces.

Inventory:

Hand Weapons
 a - a +0 flail (weapon)
 g - a +0 whip of pain
Missiles
 d - 3 throwing nets
 e - a large rock
 i - 3 poisoned darts (quivered)
 n - 3 boomerangs of dispersal
Armour
 b - a +0 robe (worn)
 c - a +0 hat (worn)
Jewellery
 o - a ring of flight (left hand)
Scrolls
 f - a scroll of noise
 h - a scroll of holy word
 k - a scroll of magic mapping
 q - a scroll of blinking
Potions
 j - a potion of brilliance {unknown}
 r - a potion of invisibility {unknown}
 s - a potion of heal wounds {unknown}


   Skills:
 + Level 3.6 Fighting
 * Level 3.6 Maces & Flails
 + Level 2.7 Throwing
 - Level 2.7 Dodging


You had 3 spell levels left.
You didn't know any spells.
Your spell library contained the following spells:

 Spells                   Type           Power      Damage    Failure   Level
 Summon Small Mammal      Summ           0%         N/A       38%         1
 Blink                    Tloc           0%         N/A       52%         2
 Call Canine Familiar     Summ           0%         N/A       77%         3
 Summon Guardian Golem    Hex/Summ       0%         N/A       77%         3
 Manifold Assault         Tloc           0%         N/A       100%        5
 Storm Form               Tmut/Air       0%         N/A       100%        7


Dungeon Overview and Level Annotations

Branches:
Dungeon (2/15)

Altars:

Annotations:
D:2 Robin


Innate Abilities, Weirdness & Mutations

You are too large for most types of armour.
You have tough skin. (AC +1)


Message History

The goblin hits you with a +2 dagger of protection.
The hobgoblin barely misses you.
The goblin hits you with a +2 dagger of protection.
You hear a shout!
As you read the scroll labelled AXIACUMNURPH, it crumbles to dust.
It is a scroll of identify.
f - a scroll of noise The hobgoblin closely misses you.
The goblin hits you with a +2 dagger of protection.
As you read the scroll of identify, it crumbles to dust.
h - a scroll of holy word The hobgoblin barely misses you.
The goblin hits you with a +2 dagger of protection.
Okay, then.
Unknown command.
As you read the scroll of identify, it crumbles to dust.
k - a scroll of magic mapping The hobgoblin barely misses you.
The goblin hits you with a +2 dagger of protection.
As you read the scroll labelled BILUWE JUCI, it crumbles to dust.
The scroll dissolves into smoke.
It was a scroll of fog.
The hobgoblin barely misses you.
The goblin hits you with a +2 dagger of protection.
You hit the hobgoblin.
The hobgoblin is heavily wounded.
The hobgoblin hits you but does no damage.
The goblin hits you with a +2 dagger of protection!
* * * LOW HITPOINT WARNING * * *
It was a potion of curing.
You feel better.
The hobgoblin hits you but does no damage.
The goblin barely misses you.
You closely miss the hobgoblin.
The hobgoblin is heavily wounded.
The hobgoblin barely misses you.
The goblin hits you with a +2 dagger of protection!
* * * LOW HITPOINT WARNING * * *
You thump the hobgoblin!
You kill the hobgoblin!
The goblin hits you with a +2 dagger of protection.
You die...

#.#.#.###
##...
#...#...#
#..#.
##..####.#
#.###
#####..##
#|####.###
#.....##
#.......).
#.###.#
#.......##
#. #§§#
#......##
#.##§##
#.....##
#.gg@#
.......#
#.g###
#.#.....#
#....
...#.....#
#./.#.g ..
#######
#... ..g
#?.# .gg.
... .g...
....
......


You could see 3 goblins.

Vanquished Creatures
  2 adders (D:2)
  2 dart slugs (D:1)
  5 ball pythons
  2 bats (D:1)
  5 endoplasms
  3 giant cockroaches (D:1)
  2 goblins (D:1)
  5 hobgoblins
  4 jackals (D:1)
  6 kobolds
  4 frilled lizards (D:1)
  3 rats
43 creatures vanquished.

Notes
Turn   | Place    | Note
-------+----------+-------------------------------------------
     0 | D:1      | rabbitsville the Ogre Gladiator began the quest for the
                  | Orb.
     0 | D:1      | Reached XP level 1. HP: 22/22 MP: 1/1
   211 | D:1      | Reached XP level 2. HP: 24/29 MP: 2/2
   414 | D:1      | You fall into a shaft and drop 1 floor!
  1094 | D:1      | Reached XP level 3. HP: 33/37 MP: 3/3
  2183 | D:2      | Reached XP level 4. HP: 23/46 MP: 4/4
  2515 | D:2      | Noticed Robin
  2543 | D:2      | Slain by a goblin

Illustrated notes

Levels and vault maps discovered:
D:1:      mrwooster_arrival_statue, layout_rooms, minivault_5,
          minmay_door_square
D:2:      layout_rooms, uniq_robin

Skill      XL: |  1  2 |
---------------+-------+-----
Fighting       | 3 |  3.6
Maces & Flails | 3 |  3.6
Throwing       | |  2.7
Dodging        | |  2.7

Action                   |  1- 3 |  4- 6 || total
-------------------------+-------+-------++-------
Melee: Whip              |    67 |       ||    67
       Flail             |    94 |    16 ||   110
       Punch             |     1 |       ||     1
Throw: Dart              |     2 |       ||     2
  Use: Scroll            |     2 |     4 ||     6
       Potion            |       |     1 ||     1
 Stab: Sleeping          |     2 |       ||     2
Armor: Robe              |    80 |     7 ||    87
Dodge: Dodged            |   136 |    14 ||   150

Table legend: (Time is in decaauts)
 A = Elapsed time spent in this place.
 B = Non-inter-level travel time spent in this place.
 C = Inter-level travel time spent in this place.
 D = Time resting spent in this place.
 E = Time spent auto-exploring this place.
 F = Levels seen in this place.
 G = Mean time per level.
                   A        B        C        D        E       F      G
               +--------+--------+--------+--------+--------+-----+--------+
         Total |   2565 |   2513 |     52 |    723 |   1124 |   2 | 1282.5 |
       Dungeon |   2565 |   2513 |     52 |    723 |   1124 |   2 | 1282.5 |
               +--------+--------+--------+--------+--------+-----+--------+

Top non-repeatable levels by time:
     D:1: 1681 daAuts
     D:2: 884 daAuts
